 Dungeon Crawl Stone Soup version 0.24.0-37-gcf1ca852f1 (webtiles) character file.

Game seed: 4755394872940756545, levelgen mode: deterministic

398 Iamsoldier the Shield-Bearer (level 6, 0/40 HPs)
             Began as a Gargoyle Fighter on Dec 4, 2019.
             Was a Follower of Okawaru.
             Slain by an orc warrior
             ... wielding a +0 short sword
              (12 damage)
             ... on level 4 of the Dungeon.
             The game lasted 00:04:39 (3253 turns).

Iamsoldier the Shield-Bearer (Gargoyle Fighter)     Turns: 3253, Time: 00:04:39

Health: 0/40       AC: 14    Str: 21    XL:     6   Next: 83%
Magic:  6/6        EV:  5    Int:  9    God:    Okawaru [*.....]
Gold:   231        SH:  9    Dex:  9    Spells: 5/5 levels left

rFire    . . .     SeeInvis .   y - +0 morningstar
rCold    . . .     Gourm    .   c - +0 shield
rNeg     + + .     Faith    .   p - +0 chain mail
rPois    ∞         Spirit   .   (no helmet)
rElec    +         Reflect  .   (no cloak)
rCorr    .         Harm     .   (no gloves)
MR       .....                  (no boots)
Stlth    ..........             (no amulet)
HPRegen  0.13/turn              i - ring of positive energy
MPRegen  0.10/turn              (no ring)

@: no status effects
A: negative energy resistance 1, electricity resistance, unbreathing,
petrification resistance, rot immunity, AC +4
a: Heroism, Renounce Religion


You were on level 4 of the Dungeon.
You worshipped Okawaru.
Okawaru was aware of your devotion.
You were not hungry.

You visited 1 branch of the dungeon, and saw 4 of its levels.

You collected 231 gold pieces.

Inventory:

Hand Weapons
 a - a +0 flail
 g - a +1 spear of piercing
 y - a +0 morningstar (weapon)
Armour
 c - a +0 shield (worn)
 p - a +0 chain mail (worn)
Jewellery
 i - a ring of positive energy (left hand)
Scrolls
 e - a scroll of blinking {unknown}
 h - 4 scrolls of remove curse
 k - 4 scrolls of teleportation {unknown}
 l - a scroll of amnesia {unknown}
 o - a scroll of random uselessness {unknown}
 r - 6 scrolls of identify {unknown}
 s - 2 scrolls of immolation {unknown}
 t - a scroll of magic mapping {unknown}
 w - a scroll of noise {unknown}
Potions
 d - a potion of invisibility {unknown}
 j - a potion of flight {unknown}
 m - a potion of lignification {unknown}
 n - 2 potions of mutation {unknown}
 q - 3 potions of curing {unknown}
 u - a potion of cancellation {unknown}
 v - a potion of agility {unknown}
 x - a potion of ambrosia {unknown}
Comestibles
 b - 8 chunks of flesh
 f - 7 rations


   Skills:
 + Level 4.9 Fighting
 + Level 3.9 Maces & Flails
 + Level 4.9 Armour
 + Level 5.0 Shields


You had 5 spell levels left.
You didn't know any spells.
Your spell library was empty.

Dungeon Overview and Level Annotations

Branches:
Dungeon (4/15)
 Temple: D:4-7

Altars:
Ashenzari
Elyvilon
Okawaru
Qazlal
Wu Jian


Innate Abilities, Weirdness & Mutations

You are resistant to torment.
Your stone body is resilient. (AC +4)
You are immune to poison.
You resist negative energy. (rN+)
You are resistant to electric shocks. (rElec)
You can survive without breathing.
You are immune to petrification.
You are immune to rotting.


Message History

You are too injured to fight recklessly!
You are too injured to fight recklessly!
You are too injured to fight recklessly!
You barely miss the orc warrior.
The orc warrior is severely wounded.
You block the orc warrior's attack.
You closely miss the orc warrior.
The orc warrior is severely wounded.
You block the orc warrior's attack.
You closely miss the orc warrior.
The orc warrior is severely wounded.
The orc warrior hits you with a +0 short sword. x2
* * * LOW HITPOINT WARNING * * *
You closely miss the orc warrior.
The orc warrior is severely wounded.
You block the orc warrior's attack.
You closely miss the orc warrior.
The orc warrior is severely wounded.
The orc warrior hits you with a +0 short sword!
You die...

#.# #.# #...
#.# #.# #...
#.#
#.####...
#.#
#....'...
#.#
#.####...
#.# ....
#### #.#
##.## #.# #.
#@# #.
#.o.......
#########
########
#.......
#.######
#.#....#
#.#.##.#
#.#..#.#
#####......#


You could see an orc warrior.

Vanquished Creatures
  An ogre (D:4)
  A howler monkey (D:4)
  4 worker ants (D:4)
  8 adders
  2 oozes
  2 worms (D:2)
  3 dart slugs
  3 leopard geckos
  9 orcs
  2 giant cockroaches
  8 goblins
  2 hobgoblins (D:2)
  10 jackals
  4 kobolds
  A quokka (D:2)
  8 bats
  6 frilled lizards
  A quokka skeleton (D:4)
  9 rats
84 creatures vanquished.

Notes
Turn   | Place    | Note
-------+----------+-------------------------------------------
     0 | D:1      | Iamsoldier the Gargoyle Fighter began the quest for the
                  | Orb.
     0 | D:1      | Reached XP level 1. HP: 14/14 MP: 1/1
   133 | D:1      | Reached XP level 2. HP: 19/19 MP: 2/2
   480 | D:1      | Found an iron altar of Okawaru.
   488 | D:1      | Became a worshipper of Warmaster Okawaru
   513 | D:1      | Reached XP level 3. HP: 23/23 MP: 3/3
   909 | D:2      | Reached XP level 4. HP: 24/29 MP: 4/4
   961 | D:2      | Reached skill level 4 in Shields
  1110 | D:2      | Found a stormy altar of Qazlal.
  1285 | D:2      | Found a faded altar of an unknown god.
  1339 | D:2      | Found a white marble altar of Elyvilon.
  1787 | D:2      | Reached XP level 5. HP: 26/33 MP: 5/5
  2012 | D:3      | Found a shattered altar of Ashenzari.
  2424 | D:4      | Noticed an ogre
  2475 | D:4      | Killed an ogre
  2475 | D:4      | Reached * piety under Okawaru
  2475 | D:4      | Reached XP level 6. HP: 15/39 MP: 6/6
  2733 | D:4      | Found an ornate altar of the Wu Jian Council.
  3170 | D:4      | Reached skill level 5 in Shields
  3229 | D:4      | Noticed an orc warrior
  3253 | D:4      | Slain by an orc warrior

Levels and vault maps discovered:
D:1:      psy_arrival_terrarium, layout_rooms, okawaru_ov_weapons_minmay
D:2:      layout_basic, overflow_temple_1_default,
          chequers_ecumenical_altar_island, chequers_hall_statues_wall_a,
          elyvilon_altar_1
D:3:      layout_rooms, ashenzari_altar_1, first_ration
D:4:      layout_basic, lemuel_crystal_altar, serial_glass, glass_columns_b,
          glass_columns_a

Skill      XL: |  1  2  3  4  5  6 |
---------------+-------------------+-----
Shields        | 4 5 |  5.0
Fighting       | 4 |  4.9
Armour         | 4 |  4.9
Maces & Flails | 3 |  3.9

Action                   |  1- 3 |  4- 6 || total
-------------------------+-------+-------++-------
Melee: Flail             |    55 |       ||    55
       Spear             |    95 |   239 ||   334
       Morningstar       |       |    25 ||    25
  Use: Scroll            |       |     1 ||     1
       Potion            |       |     1 ||     1
  Eat: Chunk             |       |     8 ||     8
Armor: Scale mail        |    48 |       ||    48
       Chain mail        |    51 |   129 ||   180
Dodge: Dodged            |    42 |    55 ||    97
Block: Shield            |    82 |   132 ||   214
